 Dungeon Crawl Stone Soup version 0.14-a0-1076-gee4852e (webtiles) character file.

187 PolkaDot the Ruinous (level 4, 0/30 HPs)
             Began as a Vampire Conjurer on Nov 25, 2013.
             Killed from afar by Terence (4 damage)
             ... with a wand of magic darts
             ... on Level 3 of the Dungeon.
             The game lasted 00:08:28 (2131 turns).

PolkaDot the Ruinous (Vampire Conjurer)             Turns: 2131, Time: 00:08:31

HP   0/30        AC  5     Str  7      XL: 4   Next: 88%
MP   3/8         EV 12     Int 18      God:
Gold 58          SH  0     Dex 13 (14) Spells:  2 memorised,  2 levels left

rFire  . . .     SeeInvis +     p - +4,+1 elf falchion
rCold  . . .     Clarity  .     a - +0 robe
rNeg   . . .     Conserve .     (no shield)
rPois  .         rCorr    .     (no helmet)
rElec  .         rRot     .     o - +0 cloak
SustAb . .       Spirit   .     (no gloves)
rMut   .         Warding  .     (no boots)
Saprov . . .     Stasis   .     (no amulet)
                                (no ring)
                                q - ring of flight

@: regenerating quickly, confused, slightly resistant to hostile enchantments,
unstealthy
A: fangs 3, slimy green scales 1, see invisible, deterioration 1, unbreathing
a: Evoke Flight


You were on level 3 of the Dungeon.
You were very full.

You visited 1 branch of the dungeon, and saw 3 of its levels.

You collected 58 gold pieces.

Inventory:

Hand weapons
 p - a +4,+1 elven falchion (weapon)
Armour
 a - a +0 robe (worn)
 l - a +0 dwarven buckler
 o - a +0 cloak (worn)
Scrolls
 b - a scroll of curse armour {unknown}
 d - 4 scrolls of identify {unknown}
 f - 5 scrolls of remove curse {unknown}
 g - a scroll of recharging {unknown}
 h - a scroll of curse weapon {unknown}
 i - a scroll of magic mapping {unknown}
 m - a scroll of enchant weapon I {unknown}
 n - a scroll of teleportation {unknown}
Jewellery
 q - a ring of flight (left hand)
Potions
 k - a potion of speed {unknown}
Books
 c - a book of Conjurations

   Spells                             Type                      Level
   *Magic Dart                        Conjuration                  1
   *Searing Ray                       Conjuration                  2
   Dazzling Spray                     Conjuration/Hexes            3
   Iskenderun's Mystic Blast          Conjuration                  4
   Iskenderun's Battlesphere          Conjuration/Charms           4
   Fulminant Prism                    Conjuration/Hexes            5


   Skills:
 - Level 2.1 Dodging
 - Level 3.0 Stealth
 - Level 1.0 Spellcasting
 * Level 4.7 Conjurations


You had 2 spell levels left.
You knew the following spells:

 Your Spells              Type           Power        Failure   Level  Hunger
a - Magic Dart            Conj           ###.         3%          1    ##.....
s - Searing Ray           Conj           ###...       6%          2    ###....


Dungeon Overview and Level Annotations

Branches:
Dungeon (3/16)

Altars:
Okawaru

Annotations:
D:3 Terence


Innate Abilities, Weirdness & Mutations

Your natural rate of healing is unusually fast.
You have razor-sharp teeth.*
You have supernaturally acute eyesight.
You can survive without breathing.*
You are partially covered in slimy green scales (AC +2).*
Your body is slowly deteriorating.+


Message History

Terence is moderately wounded.
Terence zaps a wand.
The magic dart hits you!
The searing ray misses Terence.
Terence zaps a wand.
The magic dart hits you!
* * * LOW HITPOINT WARNING * * *
The searing ray hits Terence.
Terence is almost dead.
Drink which item? (? for menu, Esc to quit)
Okay, then.
Drink which item? (? for menu, Esc to quit)
You are confused.
It was a potion of confusion.
Terence zaps a wand.
The magic dart hits you!
* * * LOW HITPOINT WARNING * * *
Drink which item? (? for menu, Esc to quit)
You feel extremely strange.
Your body decomposes!
You feel clumsy.
Slimy green scales grow over part of your body.
You feel yourself wasting away.
It was a potion of mutation.
Terence zaps a wand.
The magic dart hits you!
You die...

...... ..........
.....................
...........# ###......
.....$......# #......
.............# #......
.............# #......
?............# #......
....(.........# #......
......@.@.....#####...(..
.$..................>....
....<...................
####..#####..#####..####
#.. #..# #..# #.. #..#
#..# #. #..# #..# #. #..#
#..# #.(# #..#


You could see Terence.

Vanquished Creatures
  Crazy Yiuf (D:2)
  Ijyb (D:2)
  3 adders
  An ooze (D:1)
  4 giant cockroaches
  6 goblins
  6 hobgoblins
  3 jackals (D:3)
  4 quokkas
  12 bats
  4 giant newts (D:1)
  5 kobolds
  8 rats
58 creatures vanquished.

Notes
Turn   | Place    | Note
--------------------------------------------------------------
     0 | D:1      | PolkaDot, the Vampire Conjurer, began the quest for the Orb.
     0 | D:1      | Reached XP level 1. HP: 13/13 MP: 4/4
   188 | D:1      | Reached XP level 2. HP: 7/19 MP: 0/5
   206 | D:1      | Learned a level 2 spell: Searing Ray
   936 | D:2      | Reached XP level 3. HP: 24/24 MP: 0/6
  1095 | D:2      | Noticed Ijyb
  1123 | D:2      | Killed Ijyb
  1123 | D:2      | Reached skill level 4 in Conjurations
  1567 | D:2      | Noticed Crazy Yiuf
  1575 | D:2      | Killed Crazy Yiuf
  1575 | D:2      | Reached XP level 4. HP: 16/30 MP: 2/8
  1635 | D:2      | Found an iron altar of Okawaru.
  2102 | D:3      | Noticed Terence
  2131 | D:3      | Gained mutation: You are partially covered in slimy green scales (AC +2). [potion of mutation]
  2131 | D:3      | Gained mutation: Your body is slowly deteriorating. [potion of mutation]
  2131 | D:3      | Killed from afar by Terence

Action                   |  1- 3 |  4- 6 || total
-------------------------+-------+-------++-------
Melee: Unarmed           |    11 |       ||    11
       Short sword       |    31 |     1 ||    32
       Falchion          |       |    28 ||    28
 Cast: Magic Dart        |    78 |     9 ||    87
       Searing Ray       |     3 |     4 ||     7
  Use: Potion            |     5 |     2 ||     7
 Stab: Sleeping          |       |     1 ||     1
